 Dungeon Crawl Stone Soup version 0.30.1-4-g462c640d31 (webtiles) character file.

Game seed: 6524645317150801671

28 Mavenl the Chopper (level 3, -3/31 HPs)
             Began as a Hill Orc Fighter on Sept 10, 2023.
             Succumbed to Sigmund's poison
             ... on level 2 of the Dungeon.
             The game lasted 00:01:39 (747 turns).

Mavenl the Chopper (Hill Orc Fighter)                Turns: 747, Time: 00:01:39

Health: -3/31      AC:  6    Str: 20    XL:     3   Next: 14%
Magic:  3/3        EV:  9    Int:  8    God:
Gold:   66         SH:  0    Dex: 10    Spells: 2/2 levels left

rFire   . . .        a - +0 war axe
rCold   . . .        c - +0 buckler
rNeg    . . .        b - +0 scale mail
rPois   .            (no helmet)
rElec   .            (no cloak)
rCorr   .            (no gloves)
SInv    .            (no boots)
Will    .....        (no amulet) Stlth
                     (no ring)
HPRegen 0.25/turn    (no ring)
MPRegen 0.08/turn

%: no passive effects
@: confused, lethally poisoned (-3 -> -37)
A: no striking features
a: no special abilities


You were on level 2 of the Dungeon.
You visited 1 branch of the dungeon, and saw 2 of its levels.

You collected 66 gold pieces.

Inventory:

Hand Weapons
 a - a +0 war axe (weapon)
 g - a +2 whip of holy wrath
Armour
 b - a +0 scale mail (worn)
 c - a +0 buckler (worn)
Scrolls
 f - a scroll of teleportation {unknown}
 h - a scroll of identify {unknown}
 j - a scroll of fear {unknown}
 l - a scroll of blinking {unknown}
Potions
 d - a potion of might
 e - a potion of resistance {unknown}
 i - a potion of degeneration {unknown}
 m - a potion of flight {unknown}


   Skills:
 - Level 3.6 Fighting
 + Level 4.7 Axes
 - Level 3.2 Armour
 - Level 3.2 Shields


You had 2 spell levels left.
You didn't know any spells.
Your spell library was empty.

Dungeon Overview and Level Annotations

Branches:
Dungeon (2/15)

Altars:

Annotations:
D:2 Sigmund


Message History

Found a stone staircase leading down and a stone staircase leading up.
There is a stone staircase leading down here.
A goblin comes into view. It is wielding a +0 dagger.
Found a scroll labelled YJAMEA MOENN.
The goblin shouts!
Sigmund the Dreaded comes into view.
He is wielding a +2 scythe of venom and wearing a +1 robe of fire resistance.
There is a stone staircase leading up here.
Sigmund shouts!
You start waiting.
A goblin is nearby!
Sigmund drinks a potion.
Sigmund seems to speed up.
The goblin barely misses you.
You slash the goblin!
You kill the goblin!
Sigmund closely misses you. Sigmund completely misses you.
Things that are here:
a +0 dagger; a goblin corpse You hit Sigmund.
Sigmund is moderately wounded.
Sigmund gestures at you while chanting.
The puff of flame hits you but does no damage.
You hit Sigmund but do no damage.
Sigmund is moderately wounded.
Sigmund casts a spell at you.
You are confused.
Sigmund gestures at you while chanting. The puff of flame hits you!
You miss Sigmund.
Sigmund is moderately wounded.
Sigmund hits you but does no damage.
You miss Sigmund.
Sigmund is moderately wounded.
Sigmund hits you with a +2 scythe of venom.
You are lethally poisoned!
Sigmund hits you with a +2 scythe of venom!
* * * LOW HITPOINT WARNING * * *
You are more poisoned.
It was a potion of magic.
Magic courses through your body.
You die...

P# .... .# .g... .#
#####...... .# #.><.......
.# #.# #..##...... ## #.#
#..# ..... #########.# #..#
.... ##........####
######.## ###
...######....###@@....#
...### #.......#####.#
.....# #....#..# #.#. .....#
#....##.# .#.#..#
.....####)#..##.# PP#.#...#
.........†#..#..#...#.#...#
...#####........#PPP#.#...#.
...##P##......#.# ..#.#...#.
.###...#..#...#.#


You could see Sigmund (fast).

Vanquished Creatures
  2 dart slugs (D:1)
  3 bats (D:1)
  2 endoplasms
  A goblin (D:2)
  3 hobgoblins (D:1)
  3 quokkas (D:1)
  2 ball pythons
  A frilled lizard (D:1)
  2 kobolds
  5 rats
24 creatures vanquished.

Notes
Turn   | Place    | Note
-------+----------+-------------------------------------------
     0 | D:1      | Mavenl the Hill Orc Fighter began the quest for the Orb.
     0 | D:1      | Reached XP level 1. HP: 19/19 MP: 1/1
    34 | D:1      | Reached skill level 3 in Axes
    88 | D:1      | Reached XP level 2. HP: 26/26 MP: 2/2
   123 | D:1      | Reached skill level 4 in Axes
   669 | D:2      | Reached XP level 3. HP: 31/31 MP: 3/3
   724 | D:2      | Noticed Sigmund
   740 | D:2      | Identified the +2 robe of Ashenzari's Reproof {rF++ rC-
                  | Slay+5}
   747 | D:2      | Succumbed to Sigmund's poison

Illustrated notes

Levels and vault maps discovered:
D:1:      ncdulo_halloftheorcs, layout_basic, skrybe_limestone_x,
          minmay_misc_feat_columns
D:2:      layout_rooms, serial_aquarium, aquarium_bridge_straight
          [aquarium_subvault_bridge, aquarium_subvault_window,
          aquarium_subvault_bridge, aquarium_subvault_window],
          aquarium_bridge_square [aquarium_subvault_bridge,
          aquarium_subvault_window, aquarium_subvault_bridge,
          aquarium_subvault_wall], aquarium_window_corridor_2,
          aquarium_window_2, aquarium_window_1, aquarium_window_1,
          aquarium_view_2e, aquarium_view_2d, serial_shops,
          nicolae_shop_peninsula, dreamdust_princess_bridge, uniq_robin,
          uniq_sigmund

Skill      XL: |  1  2 |
---------------+-------+-----
Axes           | 3 4 |  4.7
Fighting       | |  3.6
Armour         | |  3.2
Shields        | |  3.2

Action                     || total
---------------------------++-------
  Melee: War axe           ||    50
    Use: Potion            ||     1
 Armour: Scale mail        ||    12
  Dodge: Dodged            ||    38
  Block: Buckler           ||    10
